 Dungeon Crawl Stone Soup version 0.31-a0-844-gdc52ec4e09 (webtiles) character file.

Game seed: 12333153570586162197

450 IdlyInterested the Shield-Bearer (level 6, -2/47 HPs)
             Began as a Demonspawn Wanderer on Sept 29, 2023.
             Killed by divine providence
             ... invoked by an orc priest
              (14 damage)
             ... on level 4 of the Dungeon.
             The game lasted 00:12:03 (3567 turns).

IdlyInterested the Shield-Bearer (DsWn)             Turns: 3567, Time: 00:12:03

Health: -2/47      AC: 12    Str:  8    XL:     6   Next: 74%
Magic:  10/10      EV:  9    Int: 11    God:
Gold:   172        SH:  6    Dex: 21    Spells: 11/11 levels left

rFire   + +          .
                       - Unarmed
rCold   . . .        e - +0 buckler {AC+3}
rNeg    . . .        h - +1 ring mail {rF+}
rPois   .            (no helmet)
rElec   .            b - +0 cloak
rCorr   .            (no gloves)
SInv    .            (no boots)
Will    .....        (no amulet)
Stlth   +            i - ring of protection from fire
HPRegen 1.27/turn    (no ring)
MPRegen 0.12/turn

%: no passive effects
@: no status effects
A: claws 1, icy blue scales 1, powered by death 1
a: no special abilities


You were on level 4 of the Dungeon.
You visited 1 branch of the dungeon, and saw 4 of its levels.

You collected 172 gold pieces.

Inventory:

Hand Weapons
 a - a +0 dagger
 p - a +2 dagger of holy wrath
 q - a +0 trident
 r - a +0 hand axe
 s - a +0 rapier
 u - a +2 short sword of electrocution
 C - the +5 spear of the Forging Genius {heavy, rN+}
   (You found it on level 3 of the Dungeon)

   rN+:       It protects you from negative energy.
 D - a +1 dagger of draining
Missiles
 l - 4 silver javelins
 m - 58 stones (quivered)
 x - 2 boomerangs
 y - 2 poisoned darts
 E - 6 curare-tipped darts
Armour
 b - a +0 cloak (worn)
 d - a +0 robe
 e - a +0 buckler of protection (worn)
 h - a +1 ring mail of fire resistance (worn)
 v - a +0 chain mail
Jewellery
 i - a ring of protection from fire (left claw)
 F - a ring of fire
Scrolls
 f - a scroll of amnesia {unknown}
 g - 5 scrolls of identify {unknown}
 o - a scroll of revelation {unknown}
 t - 2 scrolls of noise {unknown}
 w - a scroll of teleportation {unknown}
 B - a scroll of enchant weapon {unknown}
Potions
 c - a potion of attraction
 j - 2 potions of enlightenment {unknown}
 k - a potion of degeneration {unknown}
 n - a potion of lignification {unknown}
 z - a potion of curing {unknown}
 A - 2 potions of haste {unknown}


   Skills:
 + Level 3.5 Fighting
 - Level 1.0 Throwing
 - Level 1.0 Armour
 - Level 1.0 Dodging
 - Level 1.0 Stealth
 - Level 4.0 Shields
 * Level 3.5 Unarmed Combat
 - Level 3.0 Spellcasting
 - Level 1.0 Evocations
 + Level 1.7 Shapeshifting


You had 11 spell levels left.
You didn't know any spells.
Your spell library contained the following spells:

 Spells                   Type           Power      Damage    Failure   Level
 Apportation              Tloc           2%         N/A       77%         1
 Magic Dart               Conj           4%         1d3       77%         1
 Call Imp                 Summ           2%         N/A       88%         2
 Jinxbite                 Hex            2%         N/A       88%         2
 Passwall                 Tmut/Erth      0%         N/A       88%         2
 Wereblood                Tmut           1%         N/A       88%         2
 Gell's Gravitas          Tloc           1%         N/A       98%         3
 Mephitic Cloud           Conj/Pois/Air  1%         N/A       98%         3
 Teleport Other           Tloc           1%         N/A       98%         3
 Alistair's Intoxication  Tmut/Pois      0%         N/A       100%        5
 Dispersal                Tloc           0%         N/A       100%        6


Dungeon Overview and Level Annotations

Branches:
Dungeon (4/15)
 Temple: D:4-7

Altars:


Innate Abilities, Weirdness & Mutations

You have sharp fingernails.
You are partially covered in icy blue scales. (AC +2)
You regenerate a little health from kills.


Message History

You scratch the hound.
The hound is heavily wounded.
The hound closely misses you. The hound bites you but does no damage.
Okay, then.
You scratch the hound but do no damage.
The hound is heavily wounded.
The hound bites you.
You scratch the hound.
The hound is severely wounded.
The hound bites you but does no damage. The hound barely misses you.
The orc priest mumbles some strange prayers to Beogh against you.
Beogh smites you!
* * * LOW HITPOINT WARNING * * *
You scratch the hound but do no damage.
The hound is severely wounded.
The hound bites you but does no damage.
The orc priest miscasts a cantrip.
You closely miss the hound.
The hound is severely wounded.
The hound closely misses you. The hound bites you but does no damage.
You scratch the hound.
The hound is severely wounded.
You block the hound's attack.
You scratch the hound.
The hound is almost dead.
The hound completely misses you. The hound bites you but does no damage.
You scratch the hound.
The hound is almost dead.
The hound closely misses you. You block the hound's attack.
You barely miss the hound.
The hound is almost dead.
You block the hound's attack.
You scratch the hound but do no damage.
The hound is almost dead.
The hound bites you but does no damage.
You scratch the hound.
You kill the hound!
The orc priest invokes the aid of Beogh against you.
Beogh smites you!
You die...

######### ........#
#.#######.#######
#.#..............
#.#.####.########
#.#.#..#@#
########.#.#..#o########
#.....<#.#....#oo......#
#......#.#.##.#.o.#.##.#
#......#'#....###...#
#..........####....##
######.....# #....#
#.>...# ....###
#.....#.....


You could see an orc priest, an orc wizard and 2 orcs.

Vanquished Creatures
  The ghost of Rudyous the Conjurer, an amateur DsCj (D:3)
  A kobold brigand (D:3)
  2 scorpions
  A hound (D:4)
  An iguana (D:3)
  Jessica (D:3)
  An orc wizard (D:3)
  3 adders (D:2)
  2 dart slugs
  An adder simulacrum (D:3)
  4 orcs (D:3)
  6 bats
  8 endoplasms
  A giant cockroach (D:1)
  5 goblins
  7 hobgoblins
  7 quokkas
  8 ball pythons
  A ball python simulacrum (D:3)
  5 frilled lizards
  2 giant cockroach simulacra (D:3)
  15 kobolds
  5 rats
88 creatures vanquished.

Notes
Turn   | Place    | Note
-------+----------+-------------------------------------------
     0 | D:1      | IdlyInterested the Demonspawn Wanderer began the quest for
                  | the Orb.
     0 | D:1      | IdlyInterested set off with the following items: a +0
                  | dagger, a +0 cloak, a potion of attraction, a +0 robe, a +0
                  | buckler of protection; and the following spells available
                  | to memorise: Passwall, Wereblood.
     0 | D:1      | Reached XP level 1. HP: 15/15 MP: 3/3
    61 | D:1      | Found a faded altar of an unknown god.
   280 | D:1      | Gained mutation: You are partially covered in icy blue
                  | scales. (AC +2) [demonic ancestry]
   280 | D:1      | Reached XP level 2. HP: 22/22 MP: 5/5
   602 | D:1      | Reached XP level 3. HP: 27/28 MP: 6/6
   644 | D:1      | Reached skill level 4 in Shields
  1299 | D:2      | Reached skill level 1 in Throwing
  1354 | D:2      | Gained mutation: You have sharp fingernails. [demonic
                  | ancestry]
  1354 | D:2      | Reached XP level 4. HP: 35/35 MP: 7/7
  1984 | D:3      | Reached skill level 1 in Unarmed Combat
  2040 | D:3      | Found a runed translucent gate.
  2040 | D:3      | Found a runed translucent gate.
  2040 | D:3      | Found a runed translucent gate.
  2162 | D:3      | Noticed a scorpion
  2168 | D:3      | Killed a scorpion
  2169 | D:3      | Reached skill level 1 in Armour
  2169 | D:3      | Gained mutation: You regenerate a little health from kills.
                  | [demonic ancestry]
  2169 | D:3      | Reached XP level 5. HP: 41/41 MP: 7/9
  2490 | D:3      | Noticed Rudyous's ghost (amateur DsCj)
  2620 | D:3      | Noticed Jessica
  2629 | D:3      | Killed Jessica
  2744 | D:3      | Identified the +5 spear of the Forging Genius {heavy, rN+}
  2913 | D:3      | Reached skill level 1 in Shapeshifting
  2913 | D:3      | Reached XP level 6. HP: 5/42 MP: 10/10
  3216 | D:3      | Killed Rudyous's ghost
  3567 | D:4      | Killed from afar by an orc priest

Illustrated notes

Levels and vault maps discovered:
D:1:      co_arrival_square_in_a_square_in_a_square, layout_basic,
          hellmonk_ecumenical_altar_pennies_from_heaven, minmay_pentomino_w4
D:2:      layout_basic, chequers_serial_rivers_micro_c
D:3:      cheibrodos_thug_alley, layout_loops_corners, gammafunk_ghost_icy,
          minmay_box_of_dots, uniq_jessica
D:4:      layout_basic, xom_teletrap_fun, hangedman_decor_push,
          chequers_serial_rivers_micro_a, kennysheep_path_1

Skill      XL: |  1  2  3  4  5  6 |
---------------+-------------------+-----
Fighting       | 2 3 |  3.5
Shields        | 4 |  4.0
Throwing       | 1 |  1.0
Unarmed Combat | 1 2 3 |  3.5
Armour         | 1 |  1.0
Spellcasting   | 3 |  3.0
Shapeshifting  | 1 |  1.7
Dodging        | |  1.0
Stealth        | |  1.0
Evocations     | |  1.0

Action                     |  1- 3 |  4- 6 || total
---------------------------+-------+-------++-------
  Melee: Dagger            |    54 |       ||    54
         Short sword       |   123 |   119 ||   242
         Unarmed           |       |    43 ||    43
  Throw: Stone             |     1 |       ||     1
   Stab: Sleeping          |     2 |     2 ||     4
 Armour: Ring mail         |   100 |    84 ||   184
         Robe              |     1 |       ||     1
  Dodge: Dodged            |    93 |    53 ||   146
  Block: Buckler           |    51 |    43 ||    94

Table legend: (Time is in decaauts)
 A = Elapsed time spent in this place.
 B = Non-inter-level travel time spent in this place.
 C = Inter-level travel time spent in this place.
 D = Time resting spent in this place.
 E = Time spent auto-exploring this place.
 F = Levels seen in this place.
 G = Mean time per level.
                   A        B        C        D        E       F      G
               +--------+--------+--------+--------+--------+-----+--------+
         Total |   3608 |   3293 |    315 |    180 |   2106 |   4 |  902.0 |
       Dungeon |   3608 |   3293 |    315 |    180 |   2106 |   4 |  902.0 |
               +--------+--------+--------+--------+--------+-----+--------+

Top non-repeatable levels by time:
     D:3: 1628 daAuts
     D:1: 1061 daAuts
     D:2: 782 daAuts
     D:4: 136 daAuts
